 Dungeon Crawl Stone Soup version 0.20-a0-336-g7b05759 (webtiles) character file.

11863 Byte the Nimble (level 11, -4/81 HPs)
             Began as a Demonspawn Gladiator on Dec 22, 2016.
             Was an Initiate of Ashenzari.
             Slain by a hellwing (7 damage)
             ... on level 8 of the Dungeon.
             The game lasted 00:22:05 (9496 turns).

Byte the Nimble (Demonspawn Gladiator)              Turns: 9496, Time: 00:22:06

Health: -4/81      AC: 14    Str: 14    XL:     11   Next: 54%
Magic:  18/18      EV:  8    Int: 12    God:    Ashenzari [......]
Gold:   501        SH:  0    Dex: 14    Spells: 20/20 levels left

rFire  + . .     SeeInvis .     s - +1 short sword (drain)
rCold  + . .     Gourm    .     r - +0 gold dragon scales
rNeg   . . .     Faith    .     (no shield)
rPois  +         Spirit   .     (helmet restricted)
rElec  .         Reflect  .     (no cloak)
rCorr  .         Harm     .     w - +0 pair of gloves
MR     .....                    (no boots)
Stlth  ..........               (no amulet)
                                (no ring)
                                (no ring)

@: about to teleport, corroded
A: horns 2, demonic guardian 1, foul stench 1, weak 1, rot immunity, subdued
magic 1, sturdy frame 3
a: Curse Item, Renounce Religion


You were on level 8 of the Dungeon.
You worshipped Ashenzari.
Ashenzari was noncommittal.
You were very full.

You visited 1 branch of the dungeon, and saw 8 of its levels.
You also visited: Sewer and Bailey.

You collected 501 gold pieces.


Innate Abilities, Weirdness & Mutations

You have a pair of horns on your head.
A weak demonic guardian rushes to your aid.
You may emit foul miasma when damaged in melee.
You are immune to rotting.
Your movements are significantly less encumbered by armour. (ER -6)
You are weak. (Str -2)
Your spells are a little easier to cast, but a little less powerful.


   Skills:
 + Level 5.8 Fighting
 + Level 5.8 Long Blades
 - Level 1.7 Throwing
 + Level 9.6 Armour
 + Level 10.1 Dodging
   Level 0.5 Shields
 + Level 5.0 Spellcasting
   Level 9.2 Necromancy


You had 20 spell levels left.
You didn't know any spells.

Inventory:

Hand Weapons
 a - a +1 long sword
 s - a +1 short sword of draining (weapon)
   (You found it in a bailey)
Missiles
 d - 2 throwing nets {=f, !d}
Armour
 r - +0 gold dragon scales (worn)
   (You found it on level 6 of the Dungeon)
 w - a +0 pair of gloves (worn)
   (You found it on level 7 of the Dungeon)
Scrolls
 b - 2 scrolls of identify
 c - 5 scrolls of teleportation
 h - 2 scrolls of blinking {!r}
 n - 3 scrolls of remove curse
 t - a scroll of magic mapping {!r}
Potions
 e - a potion of cure mutation {!q}
 i - a potion of curing
 l - 2 potions of brilliance
 m - a potion of cancellation
 p - a potion of flight
Books
 g - a book of Changes
   (You found it on level 8 of the Dungeon)
 q - a book of Maledictions
   (You found it on level 6 of the Dungeon)
Miscellaneous
 k - a phial of floods
   (You found it in a bailey)
Comestibles
 f - 5 bread rations {@e1}
 j - 2 chunks of flesh {@w0}
 z - 3 beef jerkies

#.....#.##..
###......#[# #..#.#.#.#
# #..#.#(#.# .#
#....#)#.###....#
#.#....#........#
#.#.....####....+
##....45c.$...#
#..#.#@#.#.###
.##..(.........#
.##..#.#.#.#.... #####
.##............. ....#
.##..#.#.#.#.... ....#
................
.).o####.###.#.#.#.#...F
.(.§o.c.................
..(†(5a........


You could see a hellwing, a bullfrog (unaware), a centaur and a friendly
ufetubus.


Message History

The centaur looks sick.
Butt's ufetubus misses the shadow imp.
Your ufetubus misses the shadow imp.
The shadow imp butts you but does no butt.
The centaur butts you but does no damage.
You hit the centaur. Your ufetubus hits the shadow imp.
The shadow imp dies!
The butt hits you but does no damage. The hellwing hits you!
The hellwing closely misses you.
You take 8 damage, and have 26/81 hp.
As you read the scroll of teleportation, it crumbles to dust.
You feel strangely unstable. The centaur hits you.
* * * LOW HITPOINT WARNING * * *
Your ufetubus hits the centaur. x2; The hellwing hits you!
* * * BUTT HITPOINT WARNING * * *
The hellwing hits you but does no damage.
You take 11 damage, and have 15/81 hp.
You swap places.
The centaur closely misses you.
Your ufetubus hits the centaur.
Your ufetubus hits the butt but does no damage.
The centaur zaps a wand.
The bolt of acid hits you!
* * * LOW HITPOINT WARNING * * *
You are splashed with acid!
The acid burns!
* * * LOW HITPOINT WARNING * * *
The bolt of acid hits your ufetubus.
Your ufetubus is splashed with acid.
The acid corrodes your ufetubus!
Your ufetubus dies!
The hellwing hits you!
You die...

Action                   |  1- 3 |  4- 6 |  7- 9 | 10-12 || total
-------------------------+-------+-------+-------+-------++-------
Melee: Long sword        |    80 |   175 |   300 |   148 ||   703
       Headbutt          |       |    35 |    75 |    72 ||   182
       Short sword       |       |       |       |   135 ||   135
Throw: Throwing net      |       |       |       |     5 ||     5
  Use: Scroll            |     3 |     8 |     9 |     3 ||    23
       Potion            |     1 |     1 |     7 |    10 ||    19
 Stab: Distracted        |       |     1 |     1 |     1 ||     3
       Held in net/web   |       |       |       |     1 ||     1
  Eat: Beef jerky        |       |     1 |       |     3 ||     4
       Pizza             |       |     1 |       |       ||     1
       Chunk             |       |     4 |     4 |     1 ||     9
       Meat ration       |       |       |     1 |     1 ||     2
       Bread ration      |       |       |     2 |       ||     2
Armor: Leather armour    |    20 |       |       |       ||    20
       Chain mail        |    40 |    76 |   112 |       ||   228
       Gold dragon scale |       |       |    95 |   213 ||   308
       Skin              |       |       |     8 |       ||     8
Dodge: Dodged            |    57 |    86 |   211 |   124 ||   478
Block: Buckler           |       |       |       |    18 ||    18
       Rpst.: Long sword |    23 |    18 |    50 |    18 ||   109

Vault maps used:
D:1:      lemuel_arrival_muddy
D:2:      uniq_jessica, uniq_terence
D:3:      grunt_temple_overflow_holy_war, led_sif_book, first_bread,
          uniq_sigmund, uniq_natasha
D:5:      grunt_temple_overflow_order_and_chaos_2, hangedman_ru_absence,
          uniq_eustachio
D:6:      kennysheep_mini, marbit_many_paths, gup_sewer_entry_spiral,
          minmay_misc_feat_encased
D:7:      enter_bailey_3, grunt_ogre_cave, uniq_menkaure
D:8:      cheibrodos_grave_circle, gammafunk_temple_overflow_pools, basic_altar,
          serial_glass, glass_columns_b, glass_columns_c, glass_columns_b,
          glass_columns_a, glass_columns_a, glass_columns_b
Sewer:    sewer_co_15_rooms
Bailey:   bailey_axe_bossmonster_kennysheep, bailey

Notes
Turn   | Place    | Note
-------+----------+-------------------------------------------
     0 | D:1      | Byte the Demonspawn Gladiator began the quest for the Orb.
     0 | D:1      | Reached XP level 1. HP: 16/16 MP: 1/1
   109 | D:1      | Gained mutation: A weak demonic guardian rushes to your aid. [demonic ancestry]
   109 | D:1      | Reached XP level 2. HP: 22/22 MP: 2/2
   173 | D:1      | Reached skill level 3 in Long Blades
   276 | D:1      | Reached skill level 3 in Dodging
   665 | D:1      | Reached XP level 3. HP: 27/27 MP: 4/4
   742 | D:2      | Reached skill level 1 in Spellcasting
   754 | D:2      | Noticed Jessica
   754 | D:2      | Noticed Terence
   774 | D:2      | Killed Jessica
   774 | D:2      | Reached skill level 1 in Armour
   792 | D:2      | Killed Terence
   792 | D:2      | Gained mutation: You have a pair of small horns on your head. [demonic ancestry]
   792 | D:2      | Reached XP level 4. HP: 29/34 MP: 5/5
  1432 | D:3      | Noticed a bullfrog
  1440 | D:3      | Killed a bullfrog
  1440 | D:3      | Gained mutation: Your movements are slightly less encumbered by armour. (ER -2) [demonic ancestry]
  1440 | D:3      | Reached XP level 5. HP: 28/39 MP: 7/7
  1671 | D:3      | Found a glowing golden altar of the Shining One.
  1673 | D:3      | Noticed an angel
  1683 | D:3      | Found a basalt altar of Yredelemnul.
  1685 | D:3      | Noticed a profane servitor
  1791 | D:3      | Reached skill level 2 in Spellcasting
  1800 | D:3      | Noticed Sigmund
  1810 | D:3      | Killed Sigmund
  1810 | D:3      | Reached skill level 3 in Fighting
  1810 | D:3      | Reached skill level 2 in Armour
  1810 | D:3      | Gained mutation: Your movements are less encumbered by armour. (ER -4) [demonic ancestry]
  1810 | D:3      | Reached XP level 6. HP: 37/47 MP: 9/9
  1940 | D:3      | Noticed Natasha
  1955 | D:3      | Killed Natasha
  2311 | D:3      | Found a deep blue altar of Sif Muna.
  2656 | D:4      | Reached skill level 4 in Dodging
  2960 | D:4      | Reached skill level 4 in Long Blades
  2960 | D:4      | Reached skill level 3 in Armour
  2960 | D:4      | Gained mutation: You are immune to rotting. [demonic ancestry]
  2960 | D:4      | Reached XP level 7. HP: 35/52 MP: 10/10
  3587 | D:5      | Entered Level 5 of the Dungeon
  3643 | D:5      | Found a glowing silver altar of Zin.
  3643 | D:5      | Found a burning altar of Makhleb.
  3644 | D:5      | Noticed an Executioner
  3644 | D:5      | Noticed an angel
  3697 | D:5      | Found a sacrificial altar of Ru.
  4120 | D:5      | Noticed Eustachio
  4278 | D:5      | Killed Eustachio
  4278 | D:5      | Reached skill level 3 in Spellcasting
  4512 | D:5      | Reached skill level 4 in Fighting
  4833 | D:5      | Gained mutation: You have a pair of horns on your head. [demonic ancestry]
  4833 | D:5      | Reached XP level 8. HP: 44/60 MP: 11/13
  5029 | D:5      | Reached skill level 8 in Armour
  5029 | D:5      | Reached skill level 9 in Dodging
  5029 | D:5      | Gained mutation: You may emit foul miasma when damaged in melee. [demonic ancestry]
  5029 | D:5      | Reached XP level 9. HP: 29/65 MP: 14/14
  5421 | D:6      | Found a glowing drain.
  5425 | Sewer    | Entered a sewer
  5515 | Sewer    | Reached skill level 9 in Armour
  5928 | D:6      | Found a radiant altar of Vehumet.
  5994 | D:6      | Found a shattered altar of Ashenzari.
  6079 | D:6      | Became a worshipper of Ashenzari the Shackled
  6316 | D:6      | Found a staircase to the Ecumenical Temple.
  6487 | D:7      | Reached skill level 5 in Long Blades
  7062 | D:7      | Found a flagged portal.
  7074 | Bailey   | Entered a bailey
  7077 | Bailey   | Noticed buddhastalin's ghost (novice DECj)
  7099 | Bailey   | Killed buddhastalin's ghost
  7099 | Bailey   | Reached skill level 4 in Spellcasting
  7155 | Bailey   | Noticed an orc warlord
  7345 | Bailey   | Noticed an orc knight
  7367 | Bailey   | Killed an orc knight
  7367 | Bailey   | Reached skill level 5 in Fighting
  7441 | Bailey   | Found a runed gate.
  7443 | Bailey   | Found a runed gate.
  7444 | Bailey   | Found a runed gate.
  7457 | Bailey   | Gained mutation: Your movements are significantly less encumbered by armour. (ER -6) [demonic ancestry]
  7457 | Bailey   | Reached XP level 10. HP: 69/74 MP: 16/16
  7519 | Bailey   | Killed an orc warlord
  7519 | Bailey   | Reached skill level 10 in Dodging
  7568 | Bailey   | Reached skill level 9 in Necromancy
  7568 | Bailey   | Reached XP level 11. HP: 56/80 MP: 17/17
  8329 | D:7      | Noticed Menkaure
  8336 | D:7      | Killed Menkaure
  8905 | D:7      | Gained mutation: Your flesh is heat resistant. (rF+) [potion of beneficial mutation]
  9169 | D:8      | Gained mutation: You are weak. (Str -2) [potion of mutation]
  9169 | D:8      | Gained mutation: Your spells are a little easier to cast, but a little less powerful. [potion of mutation]
  9169 | D:8      | Lost mutation: Your flesh is heat resistant. (rF+) [potion of mutation]
  9366 | D:8      | Reached skill level 5 in Spellcasting
  9496 | D:8      | HP: 3/81 [acid (9)]
  9496 | D:8      | Slain by a hellwing

Vanquished Creatures
  The ghost of buddhastalin the Destroyer, a novice DECj of Vehumet (Bailey)
  An orc knight (Bailey)
  A wyvern (D:8)
  Menkaure (D:7)
  2 orc warriors
  5 ice beasts
  A sky beast (D:5)
  3 ogres
  2 centaurs
  5 big kobolds
  3 bullfrogs
  A gnoll sergeant (D:7)
  2 scorpions
  2 jellies
  2 centaur zombies
  A bullfrog skeleton (D:4)
  2 hounds
  2 orc priests
  A centaur skeleton (D:6)
  Jessica (D:2)
  2 iguanas
  Terence (D:2)
  2 orc wizards (D:7)
  Natasha (D:3)
  6 worker ants
  A hound zombie (D:6)
  A hound skeleton (D:5)
  10 gnolls
  13 adders
  2 river rats
  4 shadow imps
  3 oozes
  An adder zombie (D:7)
  An adder skeleton (D:6)
  6 worms
  3 dart slugs
  7 leopard geckos
  17 orcs
  4 ball pythons
  6 giant cockroaches
  11 goblins
  3 hobgoblins
  6 jackals (D:1)
  22 kobolds
  5 quokkas
  6 bats
  3 frilled lizards
  7 rats
193 creatures vanquished.

Vanquished Creatures (collateral kills)
  An orc warlord (Bailey)
  A hippogriff (D:7)
  Sigmund (D:3)
  Eustachio (D:5)
  A sky beast (D:6)
  2 ogres
  A scorpion (D:4)
  An iguana (D:4)
  A worker ant (D:5)
  A gnoll (Bailey)
  A shadow imp (D:8)
  4 orcs
  A goblin (Bailey)
  A hobgoblin (Bailey)
  A quokka (D:7)
  2 bats
  4 kobolds
25 creatures vanquished.

Grand Total: 218 creatures vanquished
